 Dungeon Crawl Stone Soup version 0.31-a0-426-g3a05650e59 (webtiles) character file.

Game seed: 6838457595918277462

241 cforsyth the Charlatan (level 6, 0/47 HPs)
             Began as a Gnoll Artificer on July 30, 2023.
             Slain by a water moccasin zombie (4 damage)
             ... in an ossuary.
             The game lasted 00:04:12 (1061 turns).

cforsyth the Charlatan (Gnoll Artificer)            Turns: 1061, Time: 00:04:13

Health: 0/47       AC:  3    Str: 13    XL:     6   Next: 8%
Magic:  7/8        EV: 12    Int: 10    God:
Gold:   111        SH:  0    Dex: 13    Spells: 8/8 levels left

rFire   . . .        a - +0 club
rCold   . . .        (no shield)
rNeg    . . .        b - +0 leather armour
rPois   .            (no helmet)
rElec   .            (no cloak)
rCorr   .            (no gloves)
SInv    .            (no boots)
Will    .....        (no amulet)
Stlth   ++           (no ring)
HPRegen 0.27/turn    (no ring)
MPRegen 0.11/turn

%: no passive effects
@: no status effects
A: fangs 1, strong nose, distributed training
a: no special abilities


You were in an ossuary.
You visited 1 branch of the dungeon, and saw 3 of its levels.
You also visited: Ossuary.

You collected 111 gold pieces.

Inventory:

Hand Weapons
 a - a +0 club (weapon)
Armour
 b - a +0 leather armour (worn)
Wands
 d - a wand of charming (10)
 e - a wand of iceblast (1)
Scrolls
 f - a scroll of fog {unknown}
 g - a scroll of blinking {unknown}
Potions
 h - a potion of attraction {unknown}
 i - a potion of degeneration {unknown}
 j - a potion of haste {unknown}


   Skills:
 + Level 3.1 Fighting
 + Level 1.8 Short Blades
 + Level 1.8 Long Blades
 + Level 1.8 Axes
 + Level 1.8 Maces & Flails
 + Level 1.8 Polearms
 + Level 1.8 Staves
 + Level 1.8 Ranged Weapons
 + Level 1.8 Throwing
 + Level 4.9 Armour
 + Level 3.1 Dodging
 + Level 3.0 Stealth
 + Level 1.8 Shields
 + Level 1.8 Unarmed Combat
 + Level 1.8 Spellcasting
 + Level 1.4 Conjurations
 + Level 1.4 Hexes
 + Level 1.4 Summonings
 + Level 1.4 Necromancy
 + Level 1.4 Translocations
 + Level 1.4 Transmutations
 + Level 1.4 Fire Magic
 + Level 1.4 Ice Magic
 + Level 1.4 Air Magic
 + Level 1.4 Earth Magic
 + Level 1.4 Poison Magic
 + Level 2.0 Invocations
 + Level 6.8 Evocations
 + Level 1.4 Shapeshifting


You had 8 spell levels left.
You didn't know any spells.
Your spell library contained the following spells:

 Spells                   Type           Power      Damage    Failure   Level
 Blink                    Tloc           6%         N/A       32%         2
 Manifold Assault         Tloc           3%         N/A       91%         4


Dungeon Overview and Level Annotations

Branches:
Dungeon (4/15)            Ossuary (1/1)
 Temple: D:4-7

Altars:


Innate Abilities, Weirdness & Mutations

You have very sharp teeth.
Your uncanny sense of smell can sniff out nearby items.
Your experience applies equally to all skills.


Message History

The water moccasin zombie partially resists.
The water moccasin zombie is moderately damaged.
Unknown command.
Aiming: Iceblast
Press: ? - help, Shift-Dir - straight line, f - centaur zombie
Aim: a centaur zombie (severely damaged)
The mass of ice explodes!
The iceblast engulfs the centaur zombie!
The centaur zombie partially resists.
You destroy the centaur zombie!
The iceblast engulfs the water moccasin zombie!
The water moccasin zombie partially resists.
The water moccasin zombie is severely damaged.
Your Stealth skill increases to level 3!
Your Invocations skill increases to level 2!
You have reached level 6!
The water moccasin zombie bites you but does no damage.
You barely miss the water moccasin zombie.
The water moccasin zombie is severely damaged.
The water moccasin zombie closely misses you.
You hit the water moccasin zombie.
The water moccasin zombie is severely damaged.
The water moccasin zombie barely misses you.
The water moccasin zombie closely misses you.
You hit the water moccasin zombie.
The water moccasin zombie is severely damaged.
The water moccasin zombie bites you.
* * * LOW HITPOINT WARNING * * *
You hit the water moccasin zombie.
Your punch misses the water moccasin zombie.
The water moccasin zombie is almost destroyed.
The water moccasin zombie bites you.
* * * LOW HITPOINT WARNING * * *
A bog mummy comes into view.
You hit the water moccasin zombie. You bite the water moccasin zombie.
The water moccasin zombie is almost destroyed.
The water moccasin zombie bites you.
* * * LOW HITPOINT WARNING * * *
The water moccasin zombie bites you.
You die...

##### #.#.#
#+#'#'#+#'#'#
+~M..M..M....
#.##'##+##'##
#.Z.# #.@.#
#..∩# #####
∆∆∆ ∆∆∆ ∆∆∆
∆∆∆ ∆∆∆ ∆∆∆


You could see a bog mummy and a water moccasin zombie.

Vanquished Creatures
  A water moccasin zombie (Ossuary)
  A centaur zombie (Ossuary)
  A bullfrog zombie (Ossuary)
  A hound (D:4)
  4 mummies (Ossuary)
  2 dart slugs (D:1)
  2 ball pythons
  2 bats (D:1)
  A giant cockroach (D:1)
  A goblin (D:1)
  4 jackals (D:1)
  3 quokkas (D:1)
  2 frilled lizards (D:1)
  A kobold (D:1)
  3 rats (D:1)
29 creatures vanquished.

Vanquished Creatures (collateral kills)
  A quokka (D:4)
1 creature vanquished.

Vanquished Creatures (others)
  A centaur zombie (Ossuary)
  3 mummies (Ossuary)
4 creatures vanquished.

Grand Total: 34 creatures vanquished

Notes
Turn   | Place    | Note
-------+----------+-------------------------------------------
     0 | D:1      | cforsyth the Gnoll Artificer began the quest for the Orb.
     0 | D:1      | Reached XP level 1. HP: 17/17 MP: 1/1
    38 | D:1      | Found a faded altar of an unknown god.
   123 | D:1      | Reached XP level 2. HP: 13/23 MP: 2/2
   669 | D:1      | Reached XP level 3. HP: 26/28 MP: 3/3
   867 | D:2      | You fall into a shaft and drop 2 floors!
   930 | D:4      | Reached skill level 1 in Invocations
   950 | D:4      | Found a sand-covered staircase.
  1002 | Ossuary  | Entered an ossuary
  1012 | Ossuary  | Reached skill level 1 in Short Blades
  1012 | Ossuary  | Reached skill level 1 in Long Blades
  1012 | Ossuary  | Reached skill level 1 in Axes
  1012 | Ossuary  | Reached skill level 1 in Maces & Flails
  1012 | Ossuary  | Reached skill level 1 in Polearms
  1012 | Ossuary  | Reached skill level 1 in Staves
  1012 | Ossuary  | Reached skill level 1 in Ranged Weapons
  1012 | Ossuary  | Reached skill level 1 in Throwing
  1012 | Ossuary  | Reached skill level 1 in Shields
  1012 | Ossuary  | Reached skill level 1 in Unarmed Combat
  1012 | Ossuary  | Reached skill level 1 in Spellcasting
  1012 | Ossuary  | Reached XP level 4. HP: 34/34 MP: 5/5
  1027 | Ossuary  | Reached skill level 1 in Conjurations
  1027 | Ossuary  | Reached skill level 1 in Hexes
  1027 | Ossuary  | Reached skill level 1 in Summonings
  1027 | Ossuary  | Reached skill level 1 in Necromancy
  1027 | Ossuary  | Reached skill level 1 in Translocations
  1027 | Ossuary  | Reached skill level 1 in Transmutations
  1027 | Ossuary  | Reached skill level 1 in Fire Magic
  1027 | Ossuary  | Reached skill level 1 in Ice Magic
  1027 | Ossuary  | Reached skill level 1 in Air Magic
  1027 | Ossuary  | Reached skill level 1 in Earth Magic
  1027 | Ossuary  | Reached skill level 1 in Poison Magic
  1027 | Ossuary  | Reached skill level 1 in Shapeshifting
  1044 | Ossuary  | Reached XP level 5. HP: 13/41 MP: 5/7
  1056 | Ossuary  | Reached XP level 6. HP: 15/47 MP: 6/8
  1061 | Ossuary  | Slain by a water moccasin zombie

Illustrated notes

Levels and vault maps discovered:
D:1:      psy_arrival_whirlpool, layout_rooms,
          shapermc_ecumenical_altar_mp_ritualfount, serial_forest,
          infiniplex_forest_straight_2, infiniplex_forest_corner_2,
          infiniplex_forest_straight_2, infiniplex_forest_3_way,
          infiniplex_forest_3_way, infiniplex_forest_clump_long
D:2:      minmay_razor_zed, layout_loops_ring, basic_altar
D:4:      layout_basic, grunt_temple_overflow_gold_and_silver,
          lightli_ossuary_entry_decrepit_ruins, minmay_cupped
Ossuary:  ossuary_zaba_flooded

Skill      XL: |  1  2  3  4  5 |
---------------+----------------+-----
Invocations    | 1 2 |  2.0
Short Blades   | 1 |  1.8
Long Blades    | 1 |  1.8
Axes           | 1 |  1.8
Maces & Flails | 1 |  1.8
Polearms       | 1 |  1.8
Staves         | 1 |  1.8
Ranged Weapons | 1 |  1.8
Throwing       | 1 |  1.8
Shields        | 1 |  1.8
Unarmed Combat | 1 |  1.8
Spellcasting   | 1 |  1.8
Conjurations   | 1 |  1.4
Hexes          | 1 |  1.4
Summonings     | 1 |  1.4
Necromancy     | 1 |  1.4
Translocations | 1 |  1.4
Transmutations | 1 |  1.4
Fire Magic     | 1 |  1.4
Ice Magic      | 1 |  1.4
Air Magic      | 1 |  1.4
Earth Magic    | 1 |  1.4
Poison Magic   | 1 |  1.4
Shapeshifting  | 1 |  1.4
Fighting       | 3 |  3.1
Dodging        | 3 |  3.1
Stealth        | 3 |  3.0
Armour         | |  4.9
Evocations     | |  6.8

Action                     |  1- 3 |  4- 6 || total
---------------------------+-------+-------++-------
  Melee: Club              |   120 |    19 ||   139
         Bite              |    11 |     4 ||    15
  Evoke: Wand              |     8 |    16 ||    24
   Stab: Sleeping          |     1 |       ||     1
 Armour: Leather armour    |    60 |     4 ||    64
  Dodge: Dodged            |   126 |    16 ||   142

Table legend: (Time is in decaauts)
 A = Elapsed time spent in this place.
 B = Non-inter-level travel time spent in this place.
 C = Inter-level travel time spent in this place.
 D = Time resting spent in this place.
 E = Time spent auto-exploring this place.
 F = Levels seen in this place.
 G = Mean time per level.
                   A        B        C        D        E       F      G
               +--------+--------+--------+--------+--------+-----+--------+
         Total |   1101 |   1084 |     17 |     42 |    639 |   4 |  275.2 |
       Dungeon |   1038 |   1021 |     17 |     42 |    636 |   3 |  346.0 |
       Ossuary |     63 |     63 |      0 |      0 |      3 |   1 |   63.0 |
               +--------+--------+--------+--------+--------+-----+--------+

Top non-repeatable levels by time:
     D:1: 902 daAuts
     D:4: 136 daAuts
 Ossuary: 63 daAuts
